AoeStats
← getdegekke

Arena

514629457Analyzed
1v1 RM · 22h ago on Oct 18, 2026· 24m 33s· 2 players
Game mode
Random Map
Map size
Tiny (2 player)
Population
200
Speed
Normal
Resources
Standard
Victory
Conquest
Starting age
Dark Age
Ending age
Imperial Age
RankedLock teamsTeams togetherTeam positionsShared explorationLock speedFull tech treeHidden civsTurbo modeCheats
Victory
Defeat
🇳🇱 Byzantines · Netherlands
788
+29
vs
🇺🇦 Bengalis · Ukraine
821
-18
getdegekke
10:07 Loom
11:53 Feudal Age
14:11 Double-Bit Axe
16:45 Castle Age
14:57 Horse Collar
21:28 Fletching
23:08 Crossbowman
25:08 Heavy Plow
Soare
11:16 Feudal Age
16:19 Castle Age
15:20 Double-Bit Axe
19:09 Horse Collar
19:42 Bow Saw
22:56 Heavy Plow
Connection lost

Rejoining the realm…

Still unreachable

The connection could not be restored.

Session expired

The server has moved on; the page needs a fresh start.